Description

gg

Replay - SC2 zerg build order

Build Order

Get SALT Encoding   

  12  0:02  Drone  
  13  0:16  Overlord  
  13  0:19  Drone  
  14  0:35  Drone x2  
  16  0:48  Drone  
  17  0:56  Drone  
  18  1:02  Hatchery, Overlord  
  17  1:12  Extractor  
  17  1:18  Drone  
  17  1:24  Spawning Pool  
  17  1:25  Drone  
  17  1:35  Drone  
  18  1:45  Drone  
  19  1:54  Overlord  
  20  2:14  Queen x2  
  24  2:21  Baneling Nest  
  27  2:45  Metabolic Boost  
  27  2:47  Overlord x2  
  27  2:56  Zergling x4  
  29  3:19  Hatchery  
  28  3:22  Lair  
  28  3:31  Zergling x6  
  31  3:52  Roach Warren  
  32  3:55  Evolution Chamber x2  
  39  4:30  Queen  
  42  4:39  Overseer x2  
  50  5:10  Extractor  
  50  5:11  Centrifugal Hooks  
  49  5:17  Hydralisk Den  
  63  5:47  Hydralisk  
  67  5:53  Extractor x2  
  65  6:07  Queen x2  
  69  6:13  Grooved Spines  
  75  6:24  Extractor x2  
  74  6:27  Zergling x10, Infestation Pit  
  83  6:41  Zerg Melee Weapons Level 1  
  86  6:57  Roach x3  
  86  6:59  Baneling  
  88  7:07  Roach x7  
  102  7:43  Hive  
  102  7:44  Hatchery  
  101  7:49  Nydus Network, Spire  
  99  7:53  Lurker Den  
  98  8:11  Hatchery  
  105  8:13  Zerg Ground Armor Level 1  
  105  8:27  Hatchery  
  104  8:50  Hydralisk x9  
  124  8:58  Overseer  
  124  9:07  Baneling x9  
  129  9:36  Queen  
  123  9:46  Seismic Spines  
  123  9:47  Muscular Augments  
Spawning Tool Build Advisor. Get it on Overwolf

Analysis

gg

Go to:

Details

  • Created by: shogunate34
  • Published on: Dec 22, 2025
  • Modified on: Dec 22, 2025
  • Patch: 5.0.11
  • Difficulty: Easy
Show
View Real Time Build Order
Export as new Build Order

Comments (0)

There are no comments. Be the first!

Create an account to comment!